 Dungeon Crawl Stone Soup version 0.29.0-11-gd7f09526c8 (webtiles) character file.

Game seed: 4869524938936884820

42807 Arum the Warrior (level 14, -1/123 HPs)
             Began as a Formicid Fighter on Sept 3, 2022.
             Was the Champion of Dithmenos.
             Slain by Azrael
             ... wielding a +0 scimitar of flaming
              (24 damage)
             ... on level 15 of the Dungeon.
             The game lasted 00:32:38 (16311 turns).

Arum the Warrior (Formicid Fighter)                Turns: 16311, Time: 00:32:38

Health: -1/123     AC: 19    Str: 32    XL:     14   Next: 57%
Magic:  5/5        EV:  8    Int:  8    God:    Dithmenos [******]
Gold:   636        SH:  6    Dex: 13    Spells: 13/13 levels left

rFire   + + +      SeeInvis +   N - +8 mithril axe "Arga" {speed, Will+}
rCold   + . .      Faith    .   c - +1 buckler
rNeg    + + +      Spirit   .   E - +1 plate armour "Wakhle" {rElec rN+++ MP-9 SInv}
rPois   +          Reflect  .   (helmet unavailable)
rElec   +          Harm     .   I - scarf {rC+ rF+}
rCorr   +          Rampage  .   (no gloves)
Will    ++...                   w - +2 pair of boots {Fly}
Stlth   ..........              H - amulet of regeneration
HPRegen 1.10/turn               C - +6 ring of strength
MPRegen 0.09/turn               P - ring of fire

@: on fire, resistant, marked, grasped by roots, flying, glowing, constricted
A: permanent stasis, dig shafts and tunnels, antennae 3, four strong arms
a: Dig, Shaft Self, Renounce Religion, Shadow Step, Shadow Form


You were on level 15 of the Dungeon.
You worshipped Dithmenos.
Dithmenos was exalted by your worship.
You visited 1 branch of the dungeon, and saw 15 of its levels.
You also visited: Sewer and Bailey.

You collected 1472 gold pieces.
You spent 836 gold pieces at shops.

Inventory:

Hand Weapons
 a - a +0 vampiric flail
 h - a +3 flail
 k - a +0 giant spiked club
 F - the +7 Throatcutter {drain, coup de grace}
   (You found it on level 8 of the Dungeon)

   A truly terrible weapon, it drains the life of any living foe it strikes.
   It may instantly kill foes which have little health.
 N - the +8 mithril axe "Arga" (weapon) {speed, Will+}
   (You found it on level 14 of the Dungeon)

   Attacks with this weapon are significantly faster.
   Will:      It increases your willpower.
Missiles
 G - 10 javelins
 T - a throwing net
Armour
 c - a +1 buckler (worn)
 w - a +2 pair of boots of flying (worn)
 E - the +1 plate armour "Wakhle" (worn) {rElec rN+++ MP-9 SInv}
   (You found it on level 8 of the Dungeon)

   rElec:     It insulates you from electricity.
   rN:        It renders you almost immune to negative energy.
   MP:        It affects your magic capacity (-9).
   SInv:      It lets you see invisible.
 I - a scarf of resistance (worn)
Jewellery
 q - a +6 ring of strength
 s - a +4 ring of evasion
 u - a ring of willpower
 C - a +6 ring of strength (left hand)
 H - an amulet of regeneration (around neck)
 L - a ring of ice
 P - a ring of fire (right hand)
 U - a ring of willpower
 W - a ring of magical power
Wands
 A - a wand of digging (5)
 D - a wand of flame (10)
 J - a wand of roots (1)
 X - a wand of paralysis (6)
Scrolls
 b - a scroll of amnesia
 g - 2 scrolls of enchant armour
 j - 5 scrolls of fog
 m - 2 scrolls of torment
 n - 9 scrolls of immolation
 o - 5 scrolls of fear
 y - 4 scrolls of magic mapping
 z - 3 scrolls of enchant weapon
 B - 4 scrolls of vulnerability
 O - a scroll of poison
Potions
 d - a potion of might
 e - 7 potions of flight
 f - 4 potions of invisibility
 i - 3 potions of brilliance
 l - 4 potions of heal wounds
 p - 6 potions of curing
 r - 4 potions of cancellation
 t - 2 potions of resistance
 v - 3 potions of mutation
 x - 3 potions of degeneration
 M - a potion of ambrosia
 R - 3 potions of attraction
 S - a potion of magic
 V - a potion of lignification {unknown}
Miscellaneous
 K - a lightning rod (4/4)


   Skills:
 + Level 15.6 Fighting
 + Level 4.9(10.0) Axes
 - Level 13.4(13.8) Maces & Flails
 - Level 11.4 Armour
 + Level 9.3 Dodging
 - Level 4.0 Shields


You had 13 spell levels left.
You didn't know any spells.
Your spell library contained the following spells:

 Spells                   Type           Power      Damage    Failure   Level
 Dazzling Flash           Conj/Hex       0%         N/A       100%        3
 Ignite Poison            Fire/Tmut/Pois 0%         N/A       100%        3
 Mephitic Cloud           Conj/Pois/Air  0%         N/A       100%        3
 Agony                    Necr           0%         N/A       100%        5
 Freezing Cloud           Conj/Ice/Air   0%         6-21      100%        5
 Silence                  Hex/Air        0%         N/A       100%        5


Dungeon Overview and Level Annotations

Branches:
Dungeon (15/15)            Temple (0/1) D:4            Lair (0/5) D:11
    Orc (0/2) D:11         Vaults (0/5) D:13          Sewer (visited)
 Bailey (visited)
 Depths: D:15

Altars:
Dithmenos
Nemelex Xobeh

Shops:
D:4 *   D:9 (   D:10 *   D:11 (*?

Annotations:
D:4 3 runed translucent doors, Glaciallarry's ghost, amateur OpTm
D:15 Azrael; Jorgrun; Nessos


Innate Abilities, Weirdness & Mutations

You cannot be hasted, slowed, berserked, paralysed or teleported.
You can dig through walls and to a lower floor.
You have a pair of large antennae on your head. (SInv)
Your four strong arms can wield two-handed weapons with a shield.


Message History

You slash Azrael!
Azrael is severely wounded.
You hit the boulder beetle but do no damage.
You are covered in liquid flames!
Nessos the Markscentaur comes into view.
They are wearing a +0 barding of cold resistance.
Jorgrun casts a spell at you.
Roots burst forth from the earth!
The grasping roots grab you! The grasping roots constrict you!
The boulder beetle closely misses you.
Azrael howls in rage.
Azrael completely misses you.
Okay, then.
Unknown command.
You slice Azrael!!
Azrael is almost dead.
You slash the boulder beetle!
Your shadow barely misses Azrael.
Your shadow hits the boulder beetle but does no damage.
You are covered in liquid flames!
Nessos mumbles some strange words.
Nessos blinks!
Jorgrun gestures next to the freezing wraith while chanting.
Some rock shatters into small pieces.
The grasping roots constrict you! The boulder beetle closely misses you.
Azrael hits you with a +0 scimitar of flaming.
Unknown command.
You hit Azrael.
Azrael is almost dead.
You hit the boulder beetle but do no damage.
You slash the freezing wraith!
You are covered in liquid flames!
The freezing wraith hits you!
* * * LOW HITPOINT WARNING * * *
The freezing wraith freezes you. You resist.
* * * LOW HITPOINT WARNING * * *
The freezing wraith hits you.
* * * LOW HITPOINT WARNING * * *
The freezing wraith drains your vigour!
Your stasis prevents you from being slowed.
Azrael hits you with a +0 scimitar of flaming!!
You die...

#...°.........
#....○...#.#.# ##
#....}...#.#.#...#
#...............|#
#.....##.....# ...
#........○.# ...
###.....§gB°.# ..#
......###.W#R#...#


PPPPPPPP.PPP..@B.[..# P.....P.P...P.##.##..# P.P(PPP.PPP.P.##... .#
..P...P.......##.#.# # .P.PPPPP.PPP######.. P P...P.....P+ #.# P.PPP.P.PPPPP....
.# P.P.........P.... . .PPP.PPP.PPP.P.... You could see Jorgrun, Azrael
(strong), 2 boulder beetles and a freezing wraith.

Vanquished Creatures
  Rupert (D:13)
  The ghost of Arum the Warrior, a journeyman FoFi of the Shining One (D:14)
  Snorg (D:12)
  The ghost of Ariptu the Basher, a journeyman MiFi of Okawaru (D:11)
  A hydra (D:13)
  Fannar (D:11)
  3 boulder beetles
  4 centaur warriors
  A two-headed ogre (D:13)
  Urug (D:12)
  Sonja (D:12)
  2 skeletal warriors (D:14)
  An orc knight (D:15)
  2 wolf spider zombies (D:14)
  4 deep elf pyromancers
  A necromancer (D:13)
  2 ugly things
  An orc sorcerer (D:15)
  7 cyclopes
  5 manticores
  A spectral centaur (D:11)
  A guardian serpent (shapeshifter) (D:14)
  Maurice (D:11)
  6 centaur zombies
  5 gargoyles
  An unseen horror (shapeshifter) (D:14)
  2 kobold demonologists
  2 unseen horrors (D:12)
  An efreet (D:13)
  2 komodo dragons (D:11)
  8 trolls
  3 slime creatures (D:15)
  A spectral meliai (D:11)
  2 centaur simulacra (D:11)
  A shadow (D:12)
  24 yaks
  7 vampires
  3 wyverns
  A basilisk (D:14)
  A wraith (D:14)
  4 fire elementals (D:15)
  6 vampire mosquitoes (D:12)
  4 hell hounds (D:15)
  A warg (D:11)
  3 acid dragons
  13 orc warriors
  A black bear (D:6)
  8 ogres
  2 centaurs
  A phantom (D:5)
  4 bullfrogs
  9 kobold brigands
  4 scorpions
  2 necrophages
  2 electric eels
  7 howler monkeys
  6 hounds
  A jelly (D:7)
  10 orc priests
  A gnoll bouda (D:8)
  3 iguanas
  Terence (D:2)
  10 orc wizards
  8 gnolls
  16 adders
  6 river rats (Sewer)
  A shadow imp (D:6)
  3 white imps
  An ufetubus (D:4)
  4 worms
  A dart slug (D:2)
  54 orcs
  A bat (D:1)
  8 endoplasms
  5 giant cockroaches
  6 goblins
  7 hobgoblins
  2 quokkas
  2 training dummies (D:7)
  23 ball pythons
  7 frilled lizards
  38 kobolds
  28 rats
  5 bushes (D:15)
443 creatures vanquished.

Vanquished Creatures (others)
  A wizard (D:14)
  33 plants
  4 withered plants (D:14)
38 creatures vanquished.

Grand Total: 481 creatures vanquished

Notes
Turn   | Place    | Note
-------+----------+-------------------------------------------
     0 | D:1      | Arum the Formicid Fighter began the quest for the Orb.
     0 | D:1      | Reached XP level 1. HP: 18/18 MP: 1/1
   494 | D:1      | Reached XP level 2. HP: 22/24 MP: 2/2
  1198 | D:2      | Reached XP level 3. HP: 17/30 MP: 3/3
  1354 | D:2      | Noticed Terence
  1375 | D:2      | Killed Terence
  1626 | D:2      | Found a faded altar of an unknown god.
  1635 | D:2      | Reached XP level 4. HP: 37/37 MP: 4/4
  1640 | D:2      | Prayed at the altar of an unknown god.
  1640 | D:2      | Became a worshipper of Dithmenos the Shadowed
  1640 | D:2      | Reached * piety under Dithmenos
  1650 | D:2      | Reached skill level 4 in Fighting
  2717 | D:3      | Reached XP level 5. HP: 42/42 MP: 5/5
  3260 | D:4      | Found Havaed's CLEARANCE SALE!.
  3265 | D:4      | Bought a scroll of identify for 10 gold pieces
  3265 | D:4      | Bought a scroll of torment for 47 gold pieces
  3265 | D:4      | Bought a scroll of identify for 10 gold pieces
  3597 | D:4      | Reached XP level 6. HP: 48/49 MP: 6/6
  3605 | D:4      | Reached ** piety under Dithmenos
  3816 | D:4      | Found a runed translucent gate.
  3817 | D:4      | Found a runed translucent gate.
  3818 | D:4      | Found a runed translucent gate.
  3820 | D:4      | Noticed Glaciallarry's ghost (amateur OpTm)
  3879 | D:4      | Reached skill level 5 in Fighting
  3879 | D:4      | Reached skill level 5 in Armour
  3959 | D:4      | Found a staircase to the Ecumenical Temple.
  4560 | D:5      | Entered Level 5 of the Dungeon
  4815 | D:5      | Reached XP level 7. HP: 49/56 MP: 7/7
  5151 | D:5      | Reached skill level 6 in Fighting
  5151 | D:5      | Reached skill level 5 in Maces & Flails
  5346 | D:5      | Reached XP level 8. HP: 63/64 MP: 8/8
  5782 | D:6      | Found a glowing drain.
  5841 | Sewer    | Entered a sewer
  6102 | Sewer    | Reached *** piety under Dithmenos
  6156 | Sewer    | Reached skill level 7 in Fighting
  6614 | D:6      | Reached XP level 9. HP: 39/50 MP: 9/9
  7166 | D:6      | Found a sparkling altar of Nemelex Xobeh.
  7397 | D:7      | Reached skill level 8 in Fighting
  7418 | D:7      | Reached **** piety under Dithmenos
  7511 | D:7      | Found a flagged portal.
  7524 | Bailey   | Entered a bailey
  9029 | D:8      | Reached XP level 10. HP: 76/78 MP: 10/10
  9105 | D:8      | Reached ***** piety under Dithmenos
  9106 | D:8      | Reached skill level 9 in Fighting
  9481 | D:8      | Identified the +1 plate armour "Wakhle" {rElec rN+++ MP-9
                  | SInv}
  9559 | D:8      | Found the +7 Throatcutter {drain, coup de grace}
  9559 | D:8      | Noticed a kobold demonologist
  9559 | D:8      | Noticed a kobold demonologist
  9562 | D:8      | Noticed a rust devil
  9573 | D:8      | Noticed an ice devil
  9709 | D:7      | Killed a kobold demonologist
  9716 | D:8      | Killed a kobold demonologist
  9717 | D:8      | Reached skill level 10 in Fighting
  9717 | D:8      | Reached skill level 10 in Armour
  9882 | D:8      | Noticed a centaur warrior
  9893 | D:8      | Killed a centaur warrior
 10097 | D:9      | Reached XP level 11. HP: 79/92 MP: 2/11
 10292 | D:9      | Found Zyizysif's Firing Range.
 10296 | D:9      | Bought 2 javelins for 17 gold pieces
 10603 | D:10     | Entered Level 10 of the Dungeon
 10603 | D:10     | Found Hiucuil's Neck Hole.
 10611 | D:10     | Bought a scarf of resistance for 480 gold pieces
 10890 | D:10     | Reached skill level 11 in Fighting
 11025 | D:10     | Reached skill level 10 in Maces & Flails
 11660 | D:11     | Found a staircase to the Lair.
 11793 | D:11     | Reached skill level 1 in Dodging
 11851 | D:11     | Noticed a manticore
 11859 | D:11     | Killed a manticore
 11913 | D:11     | Noticed Fannar
 11936 | D:11     | Killed Fannar
 11987 | D:11     | Found Ossarch's Assorted Antiques.
 11988 | D:11     | Found Nagev's Weapon Shop.
 12078 | D:11     | Reached XP level 12. HP: 93/97 MP: 3/12
 12086 | D:11     | Reached skill level 12 in Fighting
 12096 | D:11     | Found a staircase to the Orcish Mines.
 12140 | D:11     | Noticed Maurice
 12170 | D:11     | Killed Maurice
 12606 | D:11     | Found a runed translucent gate.
 12607 | D:11     | Found a runed translucent gate.
 12608 | D:11     | Found a runed translucent gate.
 12642 | D:11     | Noticed Ariptu's ghost (journeyman MiFi)
 12808 | D:11     | Found Qaeth's Magic Scroll Shoppe.
 12837 | D:11     | Bought a scroll of identify for 32 gold pieces
 12837 | D:11     | Bought 2 scrolls of enchant weapon for 240 gold pieces
 12942 | D:12     | Noticed a boulder beetle
 12962 | D:12     | Killed a boulder beetle
 13001 | D:12     | Reached ****** piety under Dithmenos
 13114 | D:12     | Reached skill level 5 in Dodging
 13213 | D:12     | Reached skill level 13 in Fighting
 13297 | D:12     | Noticed Sonja
 13311 | D:12     | Killed Sonja
 13447 | D:12     | Noticed Urug
 13461 | D:12     | Killed Urug
 13511 | D:12     | Noticed Snorg
 13525 | D:12     | Killed Snorg
 13531 | D:12     | Reached XP level 13. HP: 105/111 MP: 4/13
 13656 | D:12     | You are sucked into a shaft and drop 3 floors!
 13656 | D:15     | Entered Level 15 of the Dungeon
 13977 | D:14     | Noticed a centaur warrior
 14018 | D:14     | Killed a centaur warrior
 14072 | D:14     | Reached skill level 14 in Fighting
 14252 | D:14     | Noticed a boulder beetle
 14293 | D:14     | Killed a boulder beetle
 14472 | D:14     | Found a runed translucent door.
 14542 | D:13     | Noticed a centaur warrior
 14553 | D:13     | Killed a centaur warrior
 14687 | D:13     | Noticed a centaur warrior
 14690 | D:13     | Noticed Rupert
 14692 | D:13     | Noticed a boulder beetle
 14712 | D:13     | You are sucked into a shaft and drop 2 floors!
 14827 | D:14     | Noticed Arum's ghost (journeyman FoFi)
 14827 | D:14     | Found the +8 mithril axe "Arga" {speed, Will+}
 14848 | D:14     | Killed Arum's ghost
 15158 | D:13     | Reached skill level 1 in Axes
 15158 | D:13     | Reached XP level 14. HP: 121/121 MP: 5/14
 15301 | D:13     | Reached skill level 15 in Fighting
 15446 | D:13     | Found a gate to the Vaults.
 15528 | D:13     | Killed Rupert
 16063 | D:11     | Killed Ariptu's ghost
 16280 | D:15     | Noticed Azrael
 16306 | D:15     | Noticed Jorgrun
 16309 | D:15     | Noticed Nessos
 16311 | D:15     | Slain by Azrael

Illustrated notes

Levels and vault maps discovered:
D:1:      dpeg_arrival_radiant, layout_loops_ring,
          hangedman_decor_clover_reticule
D:2:      layout_loops_ring, shapermc_ecumenical_altar_gd,
          minmay_misc_feat_roman, chequers_serial_rivers_micro_e,
          grunt_decor_junction, uniq_terence
D:3:      layout_loops_corners, minmay_misc_feat_alley
D:4:      layout_basic, temple_doors_e, gammafunk_ghost_split,
          nicolae_shop_clearance
D:5:      layout_rooms, chequers_garden, dk_noncrumbling_3
D:6:      layout_basic, nemelex_dance_club_becter, gup_sewer_entry_glass
D:7:      dreamdust_elfheim, layout_loops_ring, enter_bailey_3
D:8:      layout_rooms, dilly_guarded_unrand_throatcut
D:9:      cheibrodos_helix_gallery, layout_basic, nicolae_shop_firing_range
D:10:     layout_loops_corners, nicolae_shop_sticking_my_neck_out
D:11:     layout_roguey [special_room_orc], david_lair_shrubbed, erik_orc_4,
          serial_shops, nicolae_square_shop, gammafunk_ghost_necromancy,
          nicolae_wooded_promenade, uniq_fannar, uniq_maurice
D:12:     layout_long_grid, serial_rivers, chequers_serial_rivers_micro_e,
          chequers_serial_rivers_micro_d, chequers_serial_rivers_small_b,
          chequers_serial_rivers_room_a, chequers_serial_rivers_large_a,
          chequers_serial_rivers_micro_e, minmay_sticks_and_stones, uniq_sonja,
          uniq_urug, uniq_snorg
D:13:     layout_cave_pools, david_vaults_1, kennysheep_potato, uniq_rupert
D:14:     layout_irregular_city, minmay_misc_feat_pillars, serial_undead,
          serial_undead_e, serial_undead_f, serial_undead_d, serial_undead_c,
          serial_undead_c, serial_undead_f, serial_undead_f,
          ebering_ghost_reflecting_pool
D:15:     gammafunk_enter_depths_forms, layout_basic, minmay_hedge_maze,
          uniq_nessos, uniq_jorgrun, uniq_azrael

Skill      XL: |  1  2  3  4  5  6  7  8  9 10 11 12 13 14 |
---------------+-------------------------------------------+-----
Fighting       | 4 5 6 7 8 10 11 13 14 15 | 15.6
Armour         | 4 5 6 7 8 10 11 | 11.4
Maces & Flails | 3 4 5 6 7 9 10 12 13 | 13.4
Dodging        | 2 5 8 9 |  9.3
Axes           | 1 4 |  4.9
Shields        | |  4.0

Action                   |  1- 3 |  4- 6 |  7- 9 | 10-12 | 13-15 || total
-------------------------+-------+-------+-------+-------+-------++-------
Melee: Flail             |    76 |   205 |   591 |   698 |   280 ||  1850
       Broad axe         |       |       |       |       |   160 ||   160
Throw: Throwing net      |       |       |       |       |     2 ||     2
 Abil: Dig               |       |     3 |     5 |     4 |     2 ||    14
       Shaft Self        |       |       |       |       |     1 ||     1
Evoke: Wand              |       |       |       |     8 |     1 ||     9
  Use: Scroll            |       |     7 |    12 |     3 |     4 ||    26
       Potion            |       |       |       |     2 |     4 ||     6
Armor: Scale mail        |    25 |    91 |   223 |     5 |       ||   344
       Plate armour      |       |       |       |   312 |   230 ||   542
Dodge: Dodged            |    26 |   103 |   369 |   246 |   207 ||   951
Block: Buckler           |    19 |    50 |   201 |   181 |   100 ||   551
